[Event "Titled Tuesday Blitz August 15 Late 2023"]
[White "Tomb, Maroun"]
[Black "Hoang, Thi Bao Tram"]
[WhiteFideId "5300398"]
[BlackFideId "12401102"]
[WhiteElo "2492"]
[BlackElo "2677"]
[Result "0-1"]
[Round "8"]
[TimeControl "180+1"]
[Date "2023.08.15"]
[WhiteClock "0:00:00"]
[BlackClock "0:00:03"]
[Board "45"]

1. e4 c6 2. Nc3 d5 3. Nf3 Bg4 4. h3 Bxf3 5. Qxf3 Nf6 6. d3 e6 7. a3 Nbd7 8. g4 h6 9. h4 Qc7 10. g5 hxg5 11. hxg5 Rxh1 12. Qxh1 Ng8 13. g6 fxg6 14. Qh7 Kf7 15. Bh3 Ngf6 16. Qh4 Be7 17. Bg5 Ne5 18. Ke2 Qb6 19. Rb1 Re8 20. f4 Ned7 21. Kd2 Nc5 22. b4 Ncd7 23. Re1 Bf8 24. Re2 a5 25. e5 axb4 26. axb4 Bxb4 27. exf6 Qd4 28. Re3 Qxc3+ 29. Ke2 Qxc2+ 30. Kf3 Qd1+ 31. Re2 Qxd3+ 32. Re3 Qd1+ 33. Re2 Qd3+ 34. Re3 Qd1+ 35. Re2 Bc5 36. Bg4 Qd3+ 37. Kg2 Bf8 38. fxg7 Bxg7 39. Qh7 Nf8 40. Qh4 c5 41. Qf2 b6 42. Qe1 c4 43. Re3 Qd4 44. Kg3 c3 45. Re2 b5 46. Qa1 b4 47. Qa6 Qc4 48. Qb7+ Kg8 49. Qb6 d4 50. Re4 c2 51. Rxe6 Nxe6 52. f5 Qc3+ 53. Kh4 Nxg5 54. Kxg5 Qe3+ 55. Kh4 Qh6+ 56. Kg3 gxf5 57. Qb5 Re3+ 58. Kf2 fxg4 59. Qd5+ Qe6 60. Qd8+ Kf7 61. Qc7+ Qe7 62. Qc4+ Qe6 63. Qc7+ Kg6 64. Kf1 Re1+ 65. Kg2 c1=Q 0-1


[Site "https://www.chess.com"]

[Event "Titled Tuesday Blitz August 15 Late 2023"]
[White "Nathan, Nitish"]
[Black "Bjelobrk, Igor"]
[WhiteFideId "30927870"]
[BlackFideId "4300726"]
[WhiteElo "2481"]
[BlackElo "2675"]
[Result "0-1"]
[Round "8"]
[TimeControl "180+1"]
[Date "2023.08.15"]
[WhiteClock "0:00:06"]
[BlackClock "0:00:17"]
[Board "46"]

1. d4 e6 2. Bf4 c5 3. e3 Qb6 4. Na3 Nf6 5. Nc4 Qc6 6. Nf3 d5 7. Ncd2 Qb6 8. Rb1 Nc6 9. c3 Be7 10. h3 O-O 11. Bd3 Bd7 12. O-O Rac8 13. Re1 Rfd8 14. Ne5 Be8 15. Bh2 Nxe5 16. Bxe5 Bb5 17. Bc2 Qa6 18. Ra1 Bd3 19. Bb3 Bg6 20. Nf3 Ne4 21. Bc2 b5 22. Nd2 Nxd2 23. Qxd2 Bxc2 24. Qxc2 b4 25. Qd2 bxc3 26. bxc3 cxd4 27. exd4 Rc4 28. Rab1 Rdc8 29. Rb3 Qc6 30. Reb1 f6 31. Bf4 Rxc3 32. Rb7 Bf8 33. Rxa7 Rc2 34. Qd1 Qc4 35. Be3 Rxa2 36. Rbb7 Rxa7 37. Rxa7 Rc7 38. Ra8 Rc8 39. Ra7 Qc2 40. Qh5 Qg6 41. Qxg6 hxg6 42. Ra6 Re8 43. f4 Kf7 44. Kf2 Re7 45. Kf3 Rb7 46. g4 f5 47. g5 Be7 48. h4 Rb1 49. Bf2 Rb3+ 50. Kg2 Rb7 51. Rc6 Bd8 52. Ra6 Bc7 53. Kf3 Ke7 54. Be3 Rb3 55. Ra7 Kd7 56. Ke2 Rb2+ 57. Kf3 Rh2 58. Kg3 Re2 59. Kf3 Rc2 60. Ra3 Bb6 61. Rb3 Kc6 62. Rd3 Rc4 63. Rd1 Kb5 64. Rb1+ Rb4 65. Rd1 Rb3 66. Kf2 Kc4 67. Ke2 Rc3 68. Rb1 Bxd4 69. Bxd4 Kxd4 70. Rb4+ Kc5 71. Rb7 Rh3 72. Rxg7 Rxh4 73. Rxg6 Rxf4 74. Rxe6 Kd4 75. g6 Rg4 76. Kf3 Kd3 77. Re5 d4 78. Rxf5 Rxg6 79. Ra5 Re6 80. Ra3+ Kc2 81. Ra2+ Kb3 82. Rd2 Kc3 83. Rd1 d3 84. Rc1+ Kb2 85. Rc8 d2 86. Rd8 Kc2 87. Rc8+ Kd1 88. Kf2 Re5 89. Rc6 Rf5+ 90. Kg2 Ke1 91. Re6+ Kd1 92. Rc6 Ke2 93. Re6+ Kd3 94. Rd6+ Ke3 95. Re6+ Kd4 96. Rd6+ Rd5 97. Rxd5+ Kxd5 98. Kf2 d1=Q 99. Ke3 Qa4 100. Kd3 Qa3+ 101. Kc2 Kd4 102. Kb1 Qh3 103. Kc2 Qg3 104. Kd2 Qg2+ 105. Ke1 Kd3 106. Kd1 Qh1# 0-1


[Site "https://www.chess.com"]

[Event "Titled Tuesday Blitz August 15 Late 2023"]
[White "Papayan, Oleg"]
[Black "Gurevich, Dmitry"]
[WhiteFideId "4193911"]
[BlackFideId "2000407"]
[WhiteElo "2629"]
[BlackElo "2480"]
[Result "1/2-1/2"]
[Round "8"]
[TimeControl "180+1"]
[Date "2023.08.15"]
[WhiteClock "0:00:02"]
[BlackClock "0:00:06"]
[Board "47"]

1. e4 c5 2. d4 cxd4 3. Qxd4 Nc6 4. Qd3 g6 5. Nc3 Bg7 6. Nf3 d6 7. Be2 Nf6 8. O-O Bg4 9. Nd5 Bxf3 10. Qxf3 O-O 11. c3 e6 12. Nxf6+ Qxf6 13. Bf4 Rfd8 14. Rad1 Ne5 15. Qe3 Qe7 16. Rd2 a6 17. Rfd1 b5 18. Qb6 Rab8 19. Qxa6 b4 20. Rxd6 Rxd6 21. Qxd6 Qxd6 22. Rxd6 bxc3 23. bxc3 h6 24. g3 g5 25. Be3 g4 26. Rb6 Rc8 27. Bd4 Nf3+ 28. Bxf3 Bxd4 29. cxd4 gxf3 30. h4 Rc1+ 31. Kh2 Rc2 32. g4 Rxf2+ 33. Kg3 Rxa2 34. Kxf3 Ra3+ 35. Kf4 Kg7 36. h5 Kf6 37. Rb8 Rd3 38. Rd8 Ke7 39. Rh8 Rxd4 40. Rxh6 Rd1 41. Rh8 Kf6 42. Ra8 e5+ 43. Kg3 Rg1+ 44. Kf3 Rf1+ 45. Kg3 Rg1+ 46. Kh3 Re1 47. Kg3 Rxe4 48. Rg8 Re1 49. h6 Rh1 50. g5+ Kf5 51. Rg7 e4 52. h7 e3 53. Kf3 Rh3+ 54. Ke2 Kf4 55. Rxf7+ Kxg5 56. Rf3 Rxh7 57. Rxe3 Kg4 58. Ra3 Rh2+ 59. Kf1 Rh3 60. Rxh3 Kxh3 1/2-1/2


[Site "https://www.chess.com"]

[Event "Titled Tuesday Blitz August 15 Late 2023"]
[White "Ribeiro, Matheus Mendes Domingues"]
[Black "Altman, Joshua"]
[WhiteFideId "324226923"]
[BlackFideId "426210"]
[WhiteElo "2464"]
[BlackElo "2602"]
[Result "0-1"]
[Round "8"]
[TimeControl "180+1"]
[Date "2023.08.15"]
[WhiteClock "0:00:07"]
[BlackClock "0:00:12"]
[Board "48"]

1. c4 e5 2. Nc3 Nc6 3. Nf3 Nf6 4. e4 Bb4 5. d3 d6 6. a3 Bxc3+ 7. bxc3 h6 8. g3 O-O 9. Bg2 Be6 10. O-O Nd7 11. Nh4 Ne7 12. f4 exf4 13. gxf4 f5 14. exf5 Nxf5 15. Nxf5 Bxf5 16. Bxb7 Rb8 17. Bd5+ Kh8 18. Be3 Qe8 19. Bxa7 Qg6+ 20. Kh1 Rb2 21. Rg1 Qf6 22. Bd4 Rxh2+ 23. Kxh2 Qh4+ 24. Kg2 Bh3+ 25. Kf3 Qxf4+ 26. Ke2 Qh2+ 27. Ke1 Ne5 28. Qe2 Qf4 29. Bxe5 dxe5 30. Rf1 Bxf1 31. Qxf1 Qxf1+ 0-1


[Site "https://www.chess.com"]

[Event "Titled Tuesday Blitz August 15 Late 2023"]
[White "KrokerGuy"]
[Black "Manukyan, Sargis A."]
[BlackFideId "13303970"]
[WhiteElo "2465"]
[BlackElo "2591"]
[Result "0-1"]
[Round "8"]
[TimeControl "180+1"]
[Date "2023.08.15"]
[WhiteClock "0:00:06"]
[BlackClock "0:00:59"]
[Board "49"]

1. e4 c5 2. Nf3 d6 3. d4 cxd4 4. Nxd4 Nf6 5. Nc3 g6 6. Be3 Bg7 7. f3 O-O 8. Qd2 Nc6 9. Bc4 Bd7 10. O-O-O Rc8 11. Bb3 Nxd4 12. Bxd4 b5 13. h4 a5 14. h5 a4 15. Bxf6 exf6 16. Bd5 b4 17. Ne2 f5 18. hxg6 hxg6 19. Nf4 Qf6 20. Nd3 a3 21. g4 Bb5 22. Qxb4 Bxd3 23. Rxd3 Rb8 24. Qxa3 Rxb2 25. Rb3 Rxb3 26. axb3 fxg4 27. fxg4 Qf3 28. Re1 Bc3 29. Rd1 Be5 30. Re1 Rc8 31. Kb1 Qc3 32. Re2 Kg7 33. Bc4 Rxc4 34. bxc4 Qxa3 0-1


[Site "https://www.chess.com"]

[Event "Titled Tuesday Blitz August 15 Late 2023"]
[White "Villiers, Thomas"]
[Black "Krishnan, Varun"]
[WhiteFideId "427209"]
[BlackFideId "5054508"]
[WhiteElo "2459"]
[BlackElo "2583"]
[Result "0-1"]
[Round "8"]
[TimeControl "180+1"]
[Date "2023.08.15"]
[WhiteClock "0:00:08"]
[BlackClock "0:00:08"]
[Board "50"]

1. Nf3 Nf6 2. g3 g6 3. Bg2 Bg7 4. O-O O-O 5. c4 c5 6. Nc3 Nc6 7. d4 cxd4 8. Nxd4 a6 9. c5 Qc7 10. Nc2 Rd8 11. Bf4 e5 12. Bg5 Ne7 13. Qd6 Qxd6 14. cxd6 Nc6 15. Nd5 Nxd5 16. Bxd8 Nxd8 17. Bxd5 Nc6 18. Rac1 Bf8 19. Rfd1 Rb8 20. Ne3 Nd4 21. Kf1 Bxd6 22. Nc4 Bc7 23. e3 Nc6 24. Nd2 Bd8 25. Ne4 Be7 26. b3 Kg7 27. Nc5 b6 28. Nxd7 Bxd7 29. Bxc6 Be6 30. Bd5 Bh3+ 31. Ke2 Bc5 32. b4 Bxb4 33. Rc7 Rf8 34. Bb3 e4 35. Rd4 Bc5 36. Rxe4 h5 37. Be6 Bd6 38. Ra7 Bg2 39. Rd4 Bc5 40. Rdd7 Re8 41. Rxf7+ Kh6 42. Bd5 Bh3 43. f4 Bg4+ 44. Kd2 Bxe3+ 45. Kc3 Rc8+ 46. Kb3 Bd1+ 47. Kb2 Bd4+ 48. Kb1 Bc2+ 49. Kc1 Bb3+ 50. Rac7 Rxc7+ 51. Rxc7 Bxd5 52. Rd7 Be3+ 53. Kc2 Bxa2 54. Rb7 Bc4 55. Kc3 Bb5 56. Re7 Bc5 57. Re1 h4 58. gxh4 Kh5 59. Re5+ Kxh4 60. f5 gxf5 61. Rxf5 Kh3 62. Rf6 Kxh2 63. Kb3 Kg3 64. Rf5 Kg4 65. Rf8 Kg5 66. Rg8+ Kf6 67. Rg2 Ke7 68. Rd2 Ke6 69. Rd1 Ke5 70. Re1+ Kd6 71. Rd1+ Kc7 72. Rc1 Bd7 73. Rd1 Be6+ 74. Ka4 Kc6 75. Rc1 Bd7 76. Kb3 Kc7 77. Kc4 a5 78. Kd5 Bc6+ 79. Ke5 a4 80. Kf4 a3 81. Rc2 Kb7 82. Ke5 Ka6 83. Ra2 Ka5 84. Ke6 Kb4 85. Rc2 Kb3 86. Rxc5 bxc5 87. Kd6 a2 88. Kxc5 a1=Q 89. Kxc6 Qa5 90. Kb7 Kc4 91. Kc8 Qa7 92. Kd8 Kd5 93. Ke8 Ke6 94. Kd8 Qd7# 0-1


[Site "https://www.chess.com"]

[Event "Titled Tuesday Blitz August 15 Late 2023"]
[White "Kochiev, Ivan"]
[Black "Harriott, Tyrell"]
[WhiteFideId "2917890"]
[BlackFideId "2086484"]
[WhiteElo "2582"]
[BlackElo "2449"]
[Result "1-0"]
[Round "8"]
[TimeControl "180+1"]
[Date "2023.08.15"]
[WhiteClock "0:00:02"]
[BlackClock "0:00:21"]
[Board "51"]

1. e4 d5 2. exd5 Nf6 3. d4 Qxd5 4. Nf3 Bg4 5. Be2 Nc6 6. c4 Qh5 7. Be3 O-O-O 8. Nc3 e5 9. d5 Bb4 10. Qa4 Nd4 11. Bxd4 exd4 12. Qxb4 dxc3 13. O-O Rhe8 14. Rfe1 c2 15. Qc3 Bf5 16. Nd4 Rxe2 17. Rxe2 Bg6 18. Rxc2 Bxc2 19. Qxc2 Ng4 20. h3 Nh6 21. Re1 f5 22. Ne6 Rg8 23. Qa4 Qf7 24. Qxa7 Kd7 25. Nc5+ Kd6 26. Nxb7+ Kd7 27. Qa4+ Kc8 28. Qc6 Kb8 29. Nc5 Kc8 30. Qa8# 1-0


[Site "https://www.chess.com"]

[Event "Titled Tuesday Blitz August 15 Late 2023"]
[White "Caspi, Israel"]
[Black "Mazurkiewicz, Michal"]
[WhiteFideId "2807394"]
[BlackFideId "1124943"]
[WhiteElo "2581"]
[BlackElo "2439"]
[Result "1-0"]
[Round "8"]
[TimeControl "180+1"]
[Date "2023.08.15"]
[WhiteClock "0:00:53"]
[BlackClock "0:00:00"]
[Board "52"]

1. d4 Nf6 2. c4 e5 3. dxe5 Ng4 4. e4 Nxe5 5. f4 Nec6 6. Nc3 Bb4 7. Bd2 a5 8. Nf3 d6 9. Nd5 Bc5 10. Qc2 Bg4 11. O-O-O Nb4 12. Qb1 c6 13. Ne3 Bxf3 14. gxf3 g6 15. a3 N4a6 16. h4 h5 17. f5 Qb6 18. Re1 Nd7 19. f4 O-O-O 20. Bh3 Rhe8 21. fxg6 fxg6 22. Rhg1 Bd4 23. b4 axb4 24. axb4 Kb8 25. Rxg6 Nf6 26. Nf5 Ng4 27. Bxg4 hxg4 28. Rxg4 Bf6 29. h5 d5 30. c5 Qb5 31. e5 Bh8 32. Nd6 Rxd6 33. exd6 Rxe1+ 34. Bxe1 Qe2 35. Rg8+ Ka7 36. Bd2 Bd4 37. d7 Qf1+ 38. Kc2 Qc4+ 39. Kd1 Qf1+ 40. Be1 Qf3+ 41. Kc1 Qe3+ 42. Kc2 Qe2+ 43. Kb3 Qc4+ 44. Ka3 Nxc5 45. d8=Q Qa6+ 46. Qa5 Qxa5+ 47. bxa5 1-0


[Site "https://www.chess.com"]

[Event "Titled Tuesday Blitz August 15 Late 2023"]
[White "Vafin, Ayrat"]
[Black "Paszewski, Mateusz"]
[WhiteFideId "4146530"]
[BlackFideId "1141058"]
[WhiteElo "2446"]
[BlackElo "2581"]
[Result "0-1"]
[Round "8"]
[TimeControl "180+1"]
[Date "2023.08.15"]
[WhiteClock "0:00:13"]
[BlackClock "0:00:13"]
[Board "53"]

1. Nf3 d5 2. g3 Bg4 3. Bg2 e6 4. O-O Nf6 5. d4 Be7 6. Nbd2 O-O 7. Re1 h6 8. e4 c6 9. c3 Bh5 10. Qb3 Qb6 11. exd5 cxd5 12. Ne5 Nc6 13. Nxc6 bxc6 14. Nf1 c5 15. dxc5 Bxc5 16. Be3 Rab8 17. Qxb6 Bxb6 18. b3 Rfc8 19. Rac1 Bc5 20. Nd2 Ba3 21. Bd4 Bxc1 22. Rxc1 Nd7 23. Be3 Nc5 24. Bf1 Bg6 25. Nf3 a5 26. Ne5 Ne4 27. Nxg6 fxg6 28. Bd4 Kf7 29. Bd3 Nd6 30. Be5 Rb6 31. f4 Rbc6 32. Rd1 Ne8 33. Kf2 Nf6 34. Kf3 h5 35. h3 Nd7 36. Bd4 Nc5 37. Bc2 Nd7 38. Rf1 Nf6 39. g4 Rxc3+ 40. Bxc3 Rxc3+ 41. Kg2 Rxc2+ 42. Kg3 hxg4 43. hxg4 Ne4+ 44. Kf3 Nd2+ 0-1


[Site "https://www.chess.com"]

[Event "Titled Tuesday Blitz August 15 Late 2023"]
[White "Chor, Kevin"]
[Black "Todorovic, Bojan"]
[WhiteFideId "2090740"]
[BlackFideId "917087"]
[WhiteElo "2576"]
[BlackElo "2429"]
[Result "0-1"]
[Round "8"]
[TimeControl "180+1"]
[Date "2023.08.15"]
[WhiteClock "0:00:05"]
[BlackClock "0:00:09"]
[Board "54"]

1. d4 g6 2. c4 Bg7 3. Nf3 Nf6 4. Nc3 O-O 5. e4 c5 6. d5 d6 7. Be2 e6 8. O-O exd5 9. cxd5 a6 10. a4 Bg4 11. Nd2 Bxe2 12. Qxe2 Re8 13. Nc4 Bf8 14. Bf4 Nh5 15. Be3 Nd7 16. a5 b5 17. axb6 Nxb6 18. Na5 Qf6 19. f4 Qh4 20. g3 Qe7 21. Nc6 Qb7 22. f5 Bg7 23. fxg6 hxg6 24. Qg4 Nc4 25. Bg5 Qxb2 26. Ne2 Ne5 27. Nxe5 Qxe5 28. Nf4 Nxf4 29. Bxf4 Qxe4 30. h4 Bd4+ 31. Kh2 Qe2+ 32. Qxe2 Rxe2+ 33. Kh3 Bxa1 34. Rxa1 a5 35. Bxd6 Rd2 36. Bxc5 Rxd5 37. Be3 a4 38. g4 Rd3 0-1


[Site "https://www.chess.com"]

[Event "Titled Tuesday Blitz August 15 Late 2023"]
[White "Balla, Tamas-Kristof"]
[Black "maksimys18"]
[WhiteFideId "1208497"]
[WhiteElo "2422"]
[BlackElo "2563"]
[Result "1-0"]
[Round "8"]
[TimeControl "180+1"]
[Date "2023.08.15"]
[WhiteClock "0:00:08"]
[BlackClock "0:00:09"]
[Board "55"]

1. e4 e6 2. d4 d5 3. Nd2 Nf6 4. e5 Nfd7 5. Bd3 c5 6. c3 Nc6 7. Ne2 cxd4 8. cxd4 f6 9. exf6 Nxf6 10. Nf3 Bd6 11. O-O Qc7 12. h3 O-O 13. Bg5 Bd7 14. Nc3 a6 15. a3 Rae8 16. Rc1 Qb8 17. Bb1 h6 18. Bxf6 Rxf6 19. Qd3 Bf4 20. Qh7+ Kf7 21. Rce1 Rh8 22. Qd3 Ne7 23. Ne5+ Bxe5 24. dxe5 Rg6 25. Qf3+ Kg8 26. Bxg6 Nxg6 27. Nxd5 Kh7 28. Nc3 Rf8 29. Qe4 Bc6 30. Qc2 Rf5 31. Re3 Qf8 32. Rg3 Nf4 33. Ne4 h5 34. Nd6 h4 35. Rg4 g5 36. Nxf5 exf5 37. Rxg5 Be4 38. Qc7+ Kh6 39. f3 Bd3 40. Qb6+ Kxg5 41. Rd1 Qg7 42. Qe3 Qd7 43. e6 Qxe6 44. Rxd3 Qc6 45. Rd4 Qc7 46. Rb4 b5 47. Rd4 a5 48. Kh2 b4 49. axb4 axb4 50. Rxb4 Qd6 51. Rxf4 Qxf4+ 52. Qxf4+ Kxf4 53. Kg1 Kg3 54. b4 f4 55. Kf1 Kh2 56. b5 Kg3 57. b6 Kh2 58. b7 Kg3 59. b8=Q Kh2 60. Qxf4+ Kh1 61. Qxh4 Kh2 62. g4 Kh1 63. Qg5 Kh2 64. Qd2+ Kh1 65. Qg2# 1-0


[Site "https://www.chess.com"]

[Event "Titled Tuesday Blitz August 15 Late 2023"]
[White "Blackburn, Jonathan L B"]
[Black "Budrewicz, Krzysztof"]
[WhiteFideId "1801090"]
[BlackFideId "1127950"]
[WhiteElo "2421"]
[BlackElo "2561"]
[Result "1-0"]
[Round "8"]
[TimeControl "180+1"]
[Date "2023.08.15"]
[WhiteClock "0:00:02"]
[BlackClock "0:01:06"]
[Board "56"]

1. d4 g6 2. Nf3 Bg7 3. c4 c5 4. d5 Nf6 5. Nc3 O-O 6. e4 d6 7. h3 e6 8. Bd3 exd5 9. cxd5 Re8 10. O-O a6 11. a4 c4 12. Bxc4 Nxe4 13. Nxe4 Rxe4 14. Bd3 Re8 15. Bg5 Bf6 16. Qd2 Bxg5 17. Nxg5 Nd7 18. b4 Ne5 19. Be2 h6 20. Ne4 Bf5 21. Ng3 Qg5 22. Qxg5 hxg5 23. Rfd1 Rac8 24. Nxf5 gxf5 25. Rac1 Kg7 26. b5 axb5 27. Bxb5 Red8 28. Kf1 Kf6 29. Ke2 f4 30. Kd2 Rc5 31. Rxc5 dxc5 32. Kc3 Ke7 33. Re1 Kd6 34. g3 Rh8 35. Bf1 fxg3 36. fxg3 Rh6 37. Bg2 Rf6 38. Re2 b6 39. Rb2 Kc7 40. Re2 Nd7 41. h4 gxh4 42. gxh4 Rh6 43. Re4 Kd6 44. Rf4 f6 45. Kc4 Ke5 46. Re4+ Kd6 47. Rf4 Rg6 48. Bh3 Ne5+ 49. Kb5 c4 50. Kxb6 Kxd5 51. a5 c3 52. Bf5 Rg2 53. a6 Rb2+ 54. Kc7 Ra2 55. Kb7 c2 56. Bxc2 Rxc2 57. a7 Rb2+ 58. Kc7 Ra2 59. Kb7 Rb2+ 60. Kc7 Rc2+ 61. Kb7 Nd7 62. a8=Q Ke5 63. Rb4 Nc5+ 64. Kb6 Nd7+ 65. Kb5 Rc5+ 66. Ka4 Rd5 67. Qe8+ Kf5 68. Qe4# 1-0


[Site "https://www.chess.com"]

[Event "Titled Tuesday Blitz August 15 Late 2023"]
[White "Daianu, Cristian-Clement"]
[Black "Grossboss19"]
[WhiteFideId "1208926"]
[WhiteElo "2393"]
[BlackElo "2559"]
[Result "1-0"]
[Round "8"]
[TimeControl "180+1"]
[Date "2023.08.15"]
[WhiteClock "0:00:23"]
[BlackClock "0:00:12"]
[Board "57"]

1. e4 c5 2. Nf3 Nc6 3. d4 cxd4 4. Nxd4 e6 5. Nc3 Qc7 6. Be2 a6 7. O-O Nf6 8. Be3 Be7 9. Kh1 O-O 10. f4 d6 11. Qe1 Bd7 12. Qg3 Nxd4 13. Bxd4 Bc6 14. Bd3 Rfe8 15. Rae1 Rad8 16. e5 Nh5 17. Qh3 g6 18. f5 exf5 19. Rxf5 dxe5 20. Rxh5 exd4 21. Rxh7 Bf6 22. Rf1 Bg7 23. Ne2 Re3 24. Qh4 Qe7 25. Ng3 Qxh4 26. Rxh4 f5 27. Ne2 Be5 28. Nf4 g5 29. Bc4+ Kg7 30. Ne6+ Kg6 31. Nxd8 gxh4 32. Nxc6 bxc6 33. h3 Kg5 34. Bxa6 Bg3 35. Bd3 f4 36. a4 Re5 37. b4 Be1 38. b5 cxb5 39. axb5 Ba5 40. Ra1 Re1+ 41. Rxe1 Bxe1 42. b6 Ba5 43. b7 Bc7 44. Kg1 f3 45. gxf3 Kf4 46. Kf2 Bb8 47. Ke2 Kg3 48. Bf5 Kf4 49. Bg4 Ba7 50. Kd3 Ke5 51. Kc4 Bb8 52. Kb5 Kd6 53. f4 Kd5 54. f5 Ke5 55. Kc6 Kf6 56. Kd7 Ke5 57. Kc8 Ba7 58. b8=Q+ Bxb8 59. Kxb8 d3 60. cxd3 Kd4 61. f6 1-0


[Site "https://www.chess.com"]

[Event "Titled Tuesday Blitz August 15 Late 2023"]
[White "Francisco Guecamburu, Candela Be"]
[Black "Polaczek, Richard"]
[WhiteFideId "160911"]
[BlackFideId "200026"]
[WhiteElo "2555"]
[BlackElo "2385"]
[Result "1/2-1/2"]
[Round "8"]
[TimeControl "180+1"]
[Date "2023.08.15"]
[WhiteClock "0:00:06"]
[BlackClock "0:00:29"]
[Board "58"]

1. e4 Nf6 2. e5 Nd5 3. d4 d6 4. Nf3 g6 5. Bc4 Nb6 6. Bb3 Bg7 7. Ng5 e6 8. Qf3 Qe7 9. Ne4 dxe5 10. dxe5 h6 11. Nf6+ Kf8 12. Qc3 Nc6 13. Be3 Nd7 14. Nxd7+ Qxd7 15. f4 Kg8 16. Nd2 Ne7 17. O-O-O Nd5 18. Qd3 b6 19. Ne4 Bb7 20. c4 Qc6 21. Nc3 Nxe3 22. Qxe3 Qxg2 23. Rhg1 Qf3 24. Qxf3 Bxf3 25. Rd7 Rc8 26. Nb5 Bc6 27. Rxc7 Rxc7 28. Nxc7 Kh7 29. Nb5 Bxb5 30. cxb5 g5 31. Bc2+ Kg8 32. fxg5 Bxe5 33. gxh6+ Kf8 34. h7 f5 35. Bb3 Rxh7 36. Bxe6 Rxh2 37. Rg8+ Ke7 38. Bxf5 Bxb2+ 39. Kd1 Be5 40. Bc2 Bf4 41. Bb3 Rd2+ 42. Ke1 Rd7 43. Ke2 Rc7 44. Kf3 Be5 45. Ke4 Bb2 46. Rg6 Bc3 47. Re6+ Kd7 48. Rh6 Ke7 49. Kd5 Rc5+ 50. Ke4 Rxb5 51. Rh7+ Kd6 52. Rxa7 Re5+ 53. Kd3 Bb4 54. Rb7 Bc5 55. Rh7 Re3+ 56. Kd2 Rg3 57. Rh6+ Ke5 58. Rh5+ Kd6 59. Rh6+ Ke5 60. Rh5+ Kd6 61. Rd5+ Kc6 62. Rf5 Kb5 63. Rf7 Kc6 64. Ke2 Kd6 65. Rf6+ Ke5 66. Re6+ Kd4 67. Rf6 Re3+ 68. Kd1 Rg3 69. Rf4+ Kc3 70. Rf1 Rd3+ 71. Ke2 Rd2+ 72. Kf3 Rd3+ 73. Ke4 Rd4+ 74. Ke5 Rd2 75. Rc1+ Kb2 76. Rc4 Ka3 77. Ra4+ Kb2 78. Rc4 Ka3 79. Ra4+ Kb2 80. Rc4 1/2-1/2


[Site "https://www.chess.com"]

[Event "Titled Tuesday Blitz August 15 Late 2023"]
[White "Carrasco Miranda, Andres"]
[Black "Bilan, Danila"]
[WhiteFideId "3405990"]
[BlackFideId "24161918"]
[WhiteElo "2357"]
[BlackElo "2546"]
[Result "0-1"]
[Round "8"]
[TimeControl "180+1"]
[Date "2023.08.15"]
[WhiteClock "0:01:30"]
[BlackClock "0:01:06"]
[Board "59"]

1. d4 d5 2. c4 c6 3. Nf3 Nf6 4. e3 e6 5. b3 Nbd7 6. Bd3 Ne4 7. O-O f5 8. Qc2 Bd6 9. Ba3 Bxa3 10. Nxa3 O-O 11. Nb1 Rf6 12. Nc3 Rh6 13. Ne2 g5 14. Ng3 g4 15. Ne5 Nxe5 16. dxe5 Qh4 17. Rfc1 Qxh2+ 18. Kf1 Nxg3+ 19. fxg3 Qxg3 20. Qf2 Qxe5 21. Ke2 Bd7 22. Rh1 Qb2+ 0-1


[Site "https://www.chess.com"]

[Event "Titled Tuesday Blitz August 15 Late 2023"]
[White "Dr_Pepper18"]
[Black "D`Arruda, Ricardo D."]
[BlackFideId "100692"]
[WhiteElo "2337"]
[BlackElo "2541"]
[Result "1/2-1/2"]
[Round "8"]
[TimeControl "180+1"]
[Date "2023.08.15"]
[WhiteClock "0:00:12"]
[BlackClock "0:00:46"]
[Board "60"]

1. d4 Nf6 2. c4 e5 3. dxe5 Ne4 4. Nf3 Nc6 5. e3 d6 6. Qc2 d5 7. cxd5 Qxd5 8. Nc3 Nxc3 9. bxc3 Nxe5 10. Be2 Bg4 11. Nxe5 Bxe2 12. Kxe2 Qxe5 13. Rb1 O-O-O 14. Qb3 Qe4 15. c4 Bc5 16. f3 Qc6 17. Qb5 Qb6 18. a4 Rhe8 19. Rb3 a6 20. Qxb6 Bxb6 21. Rd1 Rxd1 22. Kxd1 Kd7 23. Bd2 Kc6 24. a5 Bc5 25. Ke2 f5 26. h3 h5 27. Kd3 g6 28. e4 Rd8+ 29. Ke2 fxe4 30. fxe4 Rd4 31. Rf3 Rxe4+ 32. Kd3 Re6 33. Rf7 Be7 34. Bf4 Bd6 35. Be3 Be5 36. g4 hxg4 37. hxg4 Rf6 38. Rh7 Rd6+ 39. Ke4 Bc3 40. g5 Bxa5 41. Rh6 Re6+ 42. Kd3 Bb4 43. Bd4 Rd6 44. Ke4 Bd2 45. Bf6 a5 46. Rxg6 a4 47. Rg8 Kc5 48. Ra8 Ra6 49. Rxa6 bxa6 50. g6 Bh6 51. Kd3 Kb4 52. g7 Bxg7 53. Bxg7 Kb3 54. c5 c6 55. Ke4 a3 56. Kf5 Kc4 57. Ke6 Kxc5 58. Kd7 a5 59. Kc7 a4 60. Kb7 Kb5 61. Kc7 c5 62. Kd6 Kc4 63. Kc6 a2 64. Kb6 Kb4 65. Kc6 a3 66. Kd5 c4 67. Ke4 Kb3 68. Ba1 c3 69. Kd3 c2 70. Kd2 c1=Q+ 71. Kxc1 Kc4 72. Bh8 Kb3 73. Ba1 Kc4 74. Bh8 Kb3 75. Ba1 1/2-1/2


[Site "https://www.chess.com"]

[Event "Titled Tuesday Blitz August 15 Late 2023"]
[White "Grebeniuk, Semen"]
[Black "Young_Catalan_Player09"]
[WhiteFideId "14117509"]
[WhiteElo "2526"]
[BlackElo "2345"]
[Result "1-0"]
[Round "8"]
[TimeControl "180+1"]
[Date "2023.08.15"]
[WhiteClock "0:00:25"]
[BlackClock "0:00:52"]
[Board "61"]

1. d4 d5 2. Bf4 Nf6 3. e3 c5 4. Nd2 Nc6 5. c3 e6 6. Ngf3 cxd4 7. exd4 Nh5 8. Be3 Bd6 9. Ne5 g6 10. Nxc6 bxc6 11. Nf3 O-O 12. g3 f5 13. Be2 f4 14. Bd2 Nf6 15. O-O Ne4 16. Bd3 fxg3 17. fxg3 c5 18. Qe2 Bb7 19. Be3 Qe7 20. Ne5 Rxf1+ 21. Rxf1 Rf8 22. Rxf8+ Qxf8 23. Bxe4 Bxe5 24. Bf3 cxd4 25. Bxd4 Bxd4+ 26. cxd4 Qf6 27. Qe3 Kg7 28. h4 Bc6 29. Bg4 Bd7 30. h5 gxh5 31. Bxh5 Qf5 32. Qe5+ Qxe5 33. dxe5 Kh6 34. Bg4 Kg5 35. Bh3 h5 36. Kf2 h4 37. gxh4+ Kxh4 38. Bf1 Kg4 39. Ke3 Kf5 40. Kd4 Kf4 41. b4 Bc8 42. Bd3 Bd7 43. b5 Kf3 44. a4 Kf2 45. a5 Bc8 46. b6 axb6 47. axb6 Bb7 48. Bb5 Kf3 49. Bd7 Kf4 50. Bxe6 1-0


[Site "https://www.chess.com"]

[Event "Titled Tuesday Blitz August 15 Late 2023"]
[White "Kovacevic, Radmila"]
[Black "Hristodoulou, Panagiotis"]
[WhiteFideId "933171"]
[BlackFideId "4214340"]
[WhiteElo "2262"]
[BlackElo "2506"]
[Result "0-1"]
[Round "8"]
[TimeControl "180+1"]
[Date "2023.08.15"]
[WhiteClock "0:00:06"]
[BlackClock "0:00:17"]
[Board "62"]

1. e4 Nf6 2. e5 Nd5 3. Nf3 d6 4. d4 dxe5 5. dxe5 Bg4 6. c4 Nb4 7. Qxd8+ Kxd8 8. Ng5 Ke8 9. Na3 N8c6 10. Bd2 f6 11. f3 Bf5 12. g4 Bd7 13. e6 Bc8 14. Nf7 Rg8 15. Nb5 Bxe6 16. Nxc7+ Kxf7 17. Nxa8 Nc2+ 18. Kd1 Nxa1 19. Nc7 Nd4 20. Nxe6 Kxe6 21. f4 Kd7 22. Bc3 e5 23. Bg2 Nac2 24. Bd5 Ne3+ 25. Kd2 Nxd5 26. cxd5 Bc5 27. fxe5 fxe5 28. Rf1 Ke7 29. Kd3 Rf8 30. Re1 Kd6 31. b4 Bb6 32. a4 Rf3+ 33. Kd2 a5 34. bxa5 Rxc3 35. Kxc3 Bxa5+ 36. Kd3 Bxe1 37. g5 Kxd5 38. h4 Bxh4 0-1


[Site "https://www.chess.com"]

[Event "Titled Tuesday Blitz August 15 Late 2023"]
[White "Reprintsev, Alexander"]
[Black "Rustemov, Alexander"]
[WhiteFideId "14100541"]
[BlackFideId "4119002"]
[WhiteElo "2500"]
[BlackElo "2751"]
[Result "0-1"]
[Round "8"]
[TimeControl "180+1"]
[Date "2023.08.15"]
[WhiteClock "0:00:08"]
[BlackClock "0:01:03"]
[Board "63"]

1. e4 d6 2. d4 g6 3. Nc3 Bg7 4. h4 Nf6 5. h5 Nxh5 6. g4 Nf6 7. g5 Nfd7 8. Qd3 c5 9. d5 Na6 10. a3 Nc7 11. Bd2 Rb8 12. a4 b6 13. Qg3 a6 14. f4 b5 15. axb5 axb5 16. Nf3 b4 17. Nd1 Nb6 18. Rh4 e6 19. dxe6 Bxe6 20. Qh2 Qe7 21. Rxh7 Rxh7 22. Qxh7 Qf8 23. Ra7 Kd8 24. f5 gxf5 25. exf5 Bd5 26. f6 Bxf6 27. gxf6 Bxf3 28. Ne3 Qe8 29. Kf2 Be4 30. Qg7 Ra8 31. Rxa8+ Bxa8 32. Nc4 Nxc4 33. Bxc4 Bd5 34. Bxd5 Nxd5 35. c4 bxc3 36. bxc3 Qe6 37. Bg5 Nxc3 38. Kg3 Ne4+ 39. Kf4 Qe5+ 0-1


[Site "https://www.chess.com"]